 Dungeon Crawl Stone Soup version 0.22-a0-161-g198051c (webtiles) character file.

322 Azzok the Sneak (level 6, 0/44 HPs)
             Began as a Gnoll Enchanter on Feb 11, 2018.
             Slain by a gnoll
             ... wielding a +0 halberd
              (10 damage)
             ... on level 4 of the Dungeon.
             The game lasted 00:06:31 (3409 turns).

Azzok the Sneak (Gnoll Enchanter)                   Turns: 3409, Time: 00:06:31

Health: 0/44       AC:  4    Str: 10    XL:     6   Next: 47%
Magic:  11/14      EV: 15    Int: 20    God:
Gold:   164        SH:  0    Dex: 15    Spells: 12/15 levels left

rFire    . . .     SeeInvis .   k - +0 dagger (venom)
rCold    . . .     Gourm    .   (no shield)
rNeg     . . .     Faith    .   b - +0 robe
rPois    .         Spirit   .   (no helmet)
rElec    .         Reflect  .   (no cloak)
rCorr    .         Harm     .   h - +1 pair of gloves
MR       .....                  (no boots)
Stlth    +++.......             g - amulet of magic regeneration
HPRegen  0.14/turn              (no ring)
MPRegen  0.39/turn              (no ring)

@: very slightly contaminated
A: distributed training, fangs 1, strong nose
a: no special abilities


You were on level 4 of the Dungeon.
You were not hungry.

You visited 1 branch of the dungeon, and saw 4 of its levels.

You collected 164 gold pieces.

Inventory:

Hand Weapons
 a - a +1 dagger
 k - a +0 dagger of venom (weapon)
Armour
 b - a +0 robe (worn)
 h - a +1 pair of gloves (worn)
Jewellery
 g - an amulet of magic regeneration (around neck)
 m - an uncursed ring of protection from fire {unknown}
Wands
 u - a wand of digging (15)
Scrolls
 e - 2 scrolls of amnesia {unknown}
 f - a scroll of enchant armour {unknown}
 i - 6 scrolls of identify {unknown}
 l - a scroll of noise {unknown}
 n - 4 scrolls of remove curse {unknown}
 p - 2 scrolls of teleportation {unknown}
 r - 2 scrolls of fog {unknown}
Potions
 j - 2 potions of curing {unknown}
 o - a potion of mutation {unknown}
 q - a potion of lignification {unknown}
 s - a potion of magic {unknown}
Books
 c - a book of Maledictions

   Spells                             Type                      Level
   a - Corona                         Hexes                        1
   b - Ensorcelled Hibernation        Hexes/Ice                    2
   c - Confuse                        Hexes                        3
   d - Tukima's Dance                 Hexes                        3
   e - Dazzling Spray                 Conjuration/Hexes            3
Comestibles
 d - 3 rations


   Skills:
 + Level 1.9 Fighting
 + Level 3.2 Short Blades
 + Level 1.9 Long Blades
 + Level 1.9 Axes
 + Level 1.9 Maces & Flails
 + Level 1.9 Polearms
 + Level 1.9 Staves
 + Level 1.9 Slings
 + Level 1.9 Bows
 + Level 1.9 Crossbows
 + Level 1.9 Throwing
 + Level 1.9 Armour
 + Level 5.0 Dodging
 + Level 6.3 Stealth
 + Level 1.9 Shields
 + Level 1.9 Unarmed Combat
 + Level 5.3 Spellcasting
 + Level 1.5 Conjurations
 + Level 5.6 Hexes
 + Level 1.5 Charms
 + Level 1.5 Summonings
 + Level 1.5 Necromancy
 + Level 1.5 Translocations
 + Level 1.5 Transmutations
 + Level 1.5 Fire Magic
 + Level 1.5 Ice Magic
 + Level 1.5 Air Magic
 + Level 1.5 Earth Magic
 + Level 1.5 Poison Magic
 + Level 2.1 Invocations
 + Level 1.9 Evocations


You had 12 spell levels left.
You knew the following spells:

 Your Spells              Type           Power        Failure   Level  Hunger
a - Corona                Hex            ####...      1%          1    None
b - Ensorcelled Hibernat  Hex/Ice        ###...       3%          2    None


Dungeon Overview and Level Annotations

Branches:
Dungeon (4/15)
 Temple: D:4-7

Altars:
Fedhas
Zin


Innate Abilities, Weirdness & Mutations

Your experience applies equally to all skills.
You have very sharp teeth.
Your uncanny sense of smell can sniff out nearby items.


Message History

Confirm with . or Enter, or press ? or * to list all spells.
Aiming: Ensorcelled Hibernation (safe; 3% risk of failure)
Press: ? - help, Shift-Dir - straight line, f - gnoll
Aim: a gnoll, wielding a spear (chance to defeat MR: 58%)
The gnoll looks drowsy...
The gnoll hits you with a halberd.
The helpless gnoll fails to defend itself.
You impale the gnoll!!
You kill the gnoll!
Casting: Ensorcelled Hibernation (safe; 3% risk of failure)
Confirm with . or Enter, or press ? or * to list all spells.
Aiming: Ensorcelled Hibernation (safe; 3% risk of failure)
Press: ? - help, Shift-Dir - straight line, f - kobold
Aim: a kobold, wielding a club (chance to defeat MR: 67%)
The kobold looks drowsy...
The gnoll hits you with a halberd!
* * * LOW HITPOINT WARNING * * *
The helpless kobold fails to defend itself.
You impale the kobold!!
You kill the kobold!
The gnoll hits you with a halberd!
You die...

▒··▒·····▒···▒······▒··(··▒▒▒·▒··
·················(···············
·(···············((·(············
≈≈·≈≈···≈··≈·≈······≈≈·≈··≈≈·≈≈≈≈
≈≈≈≈≈≈≈≈≈≈≈≈≈≈····≈≈≈≈≈≈≈≈≈≈≈≈≈≈≈
≈≈≈≈≈≈≈≈≈≈≈≈≈······≈≈≈≈≈≈≈≈≈≈≈≈≈≈
≈≈≈≈≈≈≈≈≈≈≈≈≈≈····≈≈≈≈≈≈≈≈≈≈≈≈≈≈≈
▒▒▒▒▒▒▒▒▒▒▒▒▒▒▒''▒▒▒▒▒▒▒▒▒▒▒▒▒▒▒▒
·····▒(··(·(·▒··@·▒ ▒····g·
·····'·····)·▒(·g)▒ ╬······
·····▒▒▒▒▒▒▒▒▒·(··▒▒▒▒▒▒▒▒▒······
············▒·(···)▒··········▒
····)·······'······'··········▒
····)·······▒(·····▒··········▒
·····▒▒▒▒▒▒▒▒▒(···▒▒▒▒▒▒▒▒▒······
·····))······▒··(·▒ ╬······
····)▒)······▒(···▒ ▒······


You could see a gnoll.

Vanquished Creatures
  A big kobold (D:4)
  A scorpion (D:4)
  3 gnolls (D:4)
  5 adders
  4 worms
  2 dart slugs
  7 leopard geckos
  3 orcs (D:4)
  13 bats
  3 giant cockroaches
  7 goblins
  10 hobgoblins
  3 jackals (D:3)
  2 quokkas
  A ball python (D:3)
  2 frilled lizards
  35 kobolds
  7 rats
109 creatures vanquished.

Notes
Turn   | Place    | Note
-------+----------+-------------------------------------------
     0 | D:1      | Azzok the Gnoll Enchanter began the quest for the Orb.
     0 | D:1      | Reached XP level 1. HP: 13/13 MP: 6/6
   264 | D:1      | Reached XP level 2. HP: 19/19 MP: 7/7
   571 | D:1      | Learned a level 2 spell: Ensorcelled Hibernation
  1003 | D:2      | Reached XP level 3. HP: 23/25 MP: 9/9
  1029 | D:2      | Reached skill level 5 in Spellcasting
  1110 | D:2      | Reached skill level 6 in Stealth
  1186 | D:2      | Reached skill level 1 in Invocations
  1362 | D:2      | Found a glowing silver altar of Zin.
  1374 | D:2      | Found a blossoming altar of Fedhas.
  1536 | D:2      | Reached skill level 1 in Fighting
  1536 | D:2      | Reached skill level 1 in Long Blades
  1536 | D:2      | Reached skill level 1 in Axes
  1536 | D:2      | Reached skill level 1 in Maces & Flails
  1536 | D:2      | Reached skill level 1 in Polearms
  1536 | D:2      | Reached skill level 1 in Staves
  1536 | D:2      | Reached skill level 1 in Slings
  1536 | D:2      | Reached skill level 1 in Bows
  1536 | D:2      | Reached skill level 1 in Crossbows
  1536 | D:2      | Reached skill level 1 in Throwing
  1536 | D:2      | Reached skill level 1 in Armour
  1536 | D:2      | Reached skill level 1 in Shields
  1536 | D:2      | Reached skill level 1 in Unarmed Combat
  1536 | D:2      | Reached skill level 1 in Evocations
  1680 | D:3      | Reached XP level 4. HP: 30/32 MP: 11/11
  2158 | D:3      | Reached skill level 1 in Conjurations
  2158 | D:3      | Reached skill level 1 in Charms
  2158 | D:3      | Reached skill level 1 in Summonings
  2158 | D:3      | Reached skill level 1 in Necromancy
  2158 | D:3      | Reached skill level 1 in Translocations
  2158 | D:3      | Reached skill level 1 in Transmutations
  2158 | D:3      | Reached skill level 1 in Fire Magic
  2158 | D:3      | Reached skill level 1 in Ice Magic
  2158 | D:3      | Reached skill level 1 in Air Magic
  2158 | D:3      | Reached skill level 1 in Earth Magic
  2158 | D:3      | Reached skill level 1 in Poison Magic
  2546 | D:3      | Found a faded altar of an unknown god.
  2560 | D:3      | Reached XP level 5. HP: 37/37 MP: 12/12
  3318 | D:4      | Noticed a big kobold
  3330 | D:4      | Killed a big kobold
  3330 | D:4      | Reached XP level 6. HP: 39/44 MP: 10/14
  3402 | D:4      | Reached skill level 5 in Dodging
  3409 | D:4      | Slain by a gnoll

Vault maps used:
D:1:      dpeg_arrival_tiny_g, hex_intersection
D:2:      nicolae_overflow_crystal_walls, nicolae_overflow_hidden_temple
D:3:      chequers_ecumenical_altar_twisty
D:4:      minmay_goblin_kobold_castle

Skill      XL: |  1  2  3  4  5  6 |
---------------+-------------------+-----
Spellcasting   | 5 |  5.3
Stealth        | 6 |  6.3
Invocations    | 1 2 |  2.1
Fighting       | 1 |  1.9
Long Blades    | 1 |  1.9
Axes           | 1 |  1.9
Maces & Flails | 1 |  1.9
Polearms       | 1 |  1.9
Staves         | 1 |  1.9
Slings         | 1 |  1.9
Bows           | 1 |  1.9
Crossbows      | 1 |  1.9
Throwing       | 1 |  1.9
Armour         | 1 |  1.9
Shields        | 1 |  1.9
Unarmed Combat | 1 |  1.9
Evocations     | 1 |  1.9
Conjurations   | 1 |  1.5
Charms         | 1 |  1.5
Summonings     | 1 |  1.5
Necromancy     | 1 |  1.5
Translocations | 1 |  1.5
Transmutations | 1 |  1.5
Fire Magic     | 1 |  1.5
Ice Magic      | 1 |  1.5
Air Magic      | 1 |  1.5
Earth Magic    | 1 |  1.5
Poison Magic   | 1 |  1.5
Short Blades   | 3 |  3.2
Dodging        | 5 |  5.0
Hexes          | |  5.6

Action                   |  1- 3 |  4- 6 || total
-------------------------+-------+-------++-------
Melee: Dagger            |   109 |   147 ||   256
       Bite              |     6 |    11 ||    17
       Punch             |     1 |       ||     1
 Cast: Corona            |     8 |       ||     8
       Ensorcelled Hiber |    20 |    27 ||    47
 Stab: Sleeping          |    18 |    28 ||    46
  Eat: Chunk             |     3 |     5 ||     8
Armor: Robe              |    21 |    25 ||    46
Dodge: Dodged            |    93 |    97 ||   190

Table legend:
 A = Spawn XP
 B = Non-spawn XP
 C = Spawn XP percentage of total XP
 D = Spawn monster count
 E = Non-spawn monster count
 F = Spawn count percentage of total count
 G = Total turns spent on level
                    A         B        C        D         E        F      G
               +---------+---------+-------+---------+---------+-------+---------
         Total |       0 |     461 |   0.0 |       0 |     109 |   0.0 |  3409
               +---------+---------+-------+---------+---------+-------+---------
           D:1 |       0 |      28 |   0.0 |       0 |      16 |   0.0 |   898
           D:2 |       0 |      49 |   0.0 |       0 |      21 |   0.0 |   765
           D:3 |       0 |      91 |   0.0 |       0 |      32 |   0.0 |   985
           D:4 |       0 |     293 |   0.0 |       0 |      40 |   0.0 |   761
               +---------+---------+-------+---------+---------+-------+---------
